 Dungeon Crawl Stone Soup version 0.24.0-123-gd5b16e6ec5 (webtiles) character file.

Game seed: 330177777237612628, levelgen mode: deterministic

108 FishyPogo the Charmwright (level 4, -3/38 HPs)
             Began as a Gnoll Skald on Jan 25, 2020.
             Slain by Sigmund
             ... wielding a +0 scythe
              (5 damage)
             ... on level 2 of the Dungeon.
             The game lasted 00:04:51 (1160 turns).

FishyPogo the Charmwright (Gnoll Skald)             Turns: 1160, Time: 00:04:51

Health: -3/38      AC:  3    Str: 24    XL:     4   Next: 87%
Magic:  1/11       EV: 20    Int: 16    God:
Gold:   73         SH:  0    Dex: 19    Spells: 2/13 levels left

rFire    . . .     SeeInvis .   a - +0 short sword
rCold    . . .     Gourm    .   (no shield)
rNeg     . . .     Faith    .   b - +0 leather armour
rPois    .         Spirit   .   (no helmet)
rElec    .         Reflect  .   (no cloak)
rCorr    .         Harm     .   (no gloves)
MR       .....                  (no boots)
Stlth    +++.......             (no amulet)
HPRegen  0.12/turn              i - +5 ring of strength
MPRegen  0.12/turn              n - ring of stealth

@: confused, mighty, agile, flying
A: distributed training, fangs 1, strong nose
a: no special abilities


You were on level 2 of the Dungeon.
You were hungry.

You visited 1 branch of the dungeon, and saw 2 of its levels.

You collected 73 gold pieces.

Inventory:

Hand Weapons
 a - a +0 short sword (weapon)
Missiles
 e - 74 stones (quivered)
Armour
 b - a +0 leather armour (worn)
Jewellery
 i - a +5 ring of strength (left hand)
 n - a ring of stealth (right hand)
Scrolls
 h - a scroll of immolation {unknown}
 j - a scroll of enchant weapon {unknown}
 k - a scroll of teleportation {unknown}
 m - a scroll of identify {unknown}
 o - a scroll of fear {unknown}
Potions
 f - 2 potions of agility
Comestibles
 c - 5 chunks of flesh
 d - 2 rations


   Skills:
 + Level 4.7 Fighting
 + Level 4.7 Short Blades
 + Level 1.2 Long Blades
 + Level 1.2 Axes
 + Level 1.2 Maces & Flails
 + Level 1.2 Polearms
 + Level 1.2 Staves
 + Level 1.2 Slings
 + Level 1.2 Bows
 + Level 1.2 Crossbows
 + Level 1.2 Throwing
 + Level 2.8 Armour
 + Level 4.7 Dodging
 + Level 1.2 Stealth
 + Level 1.2 Shields
 + Level 1.2 Unarmed Combat
 + Level 5.1 Spellcasting
 + Level 1.0 Conjurations
 + Level 1.0 Hexes
 + Level 5.5 Charms
 + Level 1.0 Summonings
 + Level 1.0 Necromancy
 + Level 1.0 Translocations
 + Level 1.0 Transmutations
 + Level 1.0 Fire Magic
 + Level 1.0 Ice Magic
 + Level 1.0 Air Magic
 + Level 1.0 Earth Magic
 + Level 1.0 Poison Magic
 + Level 1.3 Invocations
 + Level 1.2 Evocations


You had 2 spell levels left.
You knew the following spells:

 Your Spells              Type           Power        Failure   Level  Hunger
h - Regeneration          Chrm/Necr      ##........   14%         3    ###....
n - Spectral Weapon       Hex/Chrm       ##......     14%         3    ###....
p - Shroud of Golubria    Chrm/Tloc      ##....       7%          2    #......
u - Song of Slaying       Chrm           ###.....     2%          2    #......
y - Infusion              Chrm           ###.         1%          1    None

Your spell library contained the following spells:

 Spells                   Type           Power        Failure   Level  Hunger


Dungeon Overview and Level Annotations

Branches:
Dungeon (2/15)

Altars:

Annotations:
D:2 Sigmund


Innate Abilities, Weirdness & Mutations

Your experience applies equally to all skills.
You have very sharp teeth.
Your uncanny sense of smell can sniff out nearby items.


Message History

Sigmund is almost dead.
Your shroud unravels.
Some of the chunks of flesh in your inventory have rotted away.
You hit Sigmund.
Sigmund is almost dead.
Sigmund casts a spell at you.
You are confused.
It was a potion of agility.
You feel agile all of a sudden. Sigmund gestures at you while chanting.
The magic dart hits you.
* * * LOW HITPOINT WARNING * * *
It was a potion of flight.
You feel very buoyant.
You fly up into the air.
Sigmund misses you.
Your magical contamination has completely faded away.
It was a potion of might.
You feel very mighty all of a sudden.
Sigmund hits you from afar with a +0 scythe.
You die...

#.# #.. #.# #.# ## # ∆#.#
...#.########## #.#
............. #..
####.##.....###### ###
.......@......)..######.
###...#......#....#.....
......@......#....#.....
≈≈..≈≈≈≈≈≈≈≈≈≈≈..≈#..)..
≈≈≈≈≈.≈≈≈≈≈≈≈≈≈≈≈≈#.....
≈♣♣♣≈.≈♣♣♣≈≈≈♣♣♣≈≈#..... ♣≈.≈
♣≈.≈♣ ♣≈.#####.
♣≈≈≈♣♣♣≈≈≈♣♣♣≈.## #.
≈≈≈≈≈≈≈≈≈≈≈≈≈≈≈≈≈≈≈≈≈≈..####.


You could see Sigmund.

Vanquished Creatures
  4 gnolls (D:2)
  2 adders (D:2)
  2 dart slugs (D:1)
  A leopard gecko (D:1)
  9 bats
  5 hobgoblins
  4 jackals (D:2)
  A quokka (D:2)
  5 frilled lizards
  5 goblins
  3 kobolds
  7 rats
48 creatures vanquished.

Notes
Turn   | Place    | Note
-------+----------+-------------------------------------------
     0 | D:1      | FishyPogo the Gnoll Skald began the quest for the Orb.
     0 | D:1      | Reached XP level 1. HP: 20/20 MP: 6/6
   136 | D:1      | Reached XP level 2. HP: 22/26 MP: 4/7
   149 | D:1      | Learned a level 2 spell: Song of Slaying
   152 | D:1      | Learned a level 2 spell: Shroud of Golubria
   476 | D:1      | Reached XP level 3. HP: 28/31 MP: 9/9
   482 | D:1      | Learned a level 3 spell: Regeneration
   486 | D:1      | Learned a level 3 spell: Spectral Weapon
   628 | D:2      | Reached skill level 5 in Spellcasting
   784 | D:2      | Reached skill level 1 in Invocations
   802 | D:2      | Reached skill level 1 in Long Blades
   802 | D:2      | Reached skill level 1 in Axes
   802 | D:2      | Reached skill level 1 in Maces & Flails
   802 | D:2      | Reached skill level 1 in Polearms
   802 | D:2      | Reached skill level 1 in Staves
   802 | D:2      | Reached skill level 1 in Slings
   802 | D:2      | Reached skill level 1 in Bows
   802 | D:2      | Reached skill level 1 in Crossbows
   802 | D:2      | Reached skill level 1 in Throwing
   802 | D:2      | Reached skill level 1 in Stealth
   802 | D:2      | Reached skill level 1 in Shields
   802 | D:2      | Reached skill level 1 in Unarmed Combat
   802 | D:2      | Reached skill level 1 in Evocations
   802 | D:2      | Reached XP level 4. HP: 23/38 MP: 3/11
   850 | D:2      | Reached skill level 1 in Conjurations
   850 | D:2      | Reached skill level 1 in Hexes
   850 | D:2      | Reached skill level 1 in Summonings
   850 | D:2      | Reached skill level 1 in Necromancy
   850 | D:2      | Reached skill level 1 in Translocations
   850 | D:2      | Reached skill level 1 in Transmutations
   850 | D:2      | Reached skill level 1 in Fire Magic
   850 | D:2      | Reached skill level 1 in Ice Magic
   850 | D:2      | Reached skill level 1 in Air Magic
   850 | D:2      | Reached skill level 1 in Earth Magic
   850 | D:2      | Reached skill level 1 in Poison Magic
  1127 | D:2      | Noticed Sigmund
  1157 | D:2      | HP: 1/38 [Sigmund/magic dart (4)]
  1160 | D:2      | Slain by Sigmund

Levels and vault maps discovered:
D:1:      minmay_arrival_solitary_statue, layout_basic
D:2:      layout_basic, kennysheep_boxes, uniq_sigmund

Skill      XL: |  1  2  3  4 |
---------------+-------------+-----
Spellcasting   | 5 |  5.1
Invocations    | 1 |  1.3
Long Blades    | 1 |  1.2
Axes           | 1 |  1.2
Maces & Flails | 1 |  1.2
Polearms       | 1 |  1.2
Staves         | 1 |  1.2
Slings         | 1 |  1.2
Bows           | 1 |  1.2
Crossbows      | 1 |  1.2
Throwing       | 1 |  1.2
Stealth        | 1 |  1.2
Shields        | 1 |  1.2
Unarmed Combat | 1 |  1.2
Evocations     | 1 |  1.2
Conjurations   | 1 |  1.0
Hexes          | 1 |  1.0
Summonings     | 1 |  1.0
Necromancy     | 1 |  1.0
Translocations | 1 |  1.0
Transmutations | 1 |  1.0
Fire Magic     | 1 |  1.0
Ice Magic      | 1 |  1.0
Air Magic      | 1 |  1.0
Earth Magic    | 1 |  1.0
Poison Magic   | 1 |  1.0
Fighting       | |  4.7
Short Blades   | |  4.7
Armour         | |  2.8
Dodging        | |  4.7
Charms         | |  5.5

Action                   |  1- 3 |  4- 6 || total
-------------------------+-------+-------++-------
Melee: Short sword       |   103 |    52 ||   155
       Bite              |     7 |     3 ||    10
       Punch             |     1 |       ||     1
Throw: Stone             |     6 |     4 ||    10
 Cast: Infusion          |     2 |     1 ||     3
       Shroud of Golubri |     9 |     2 ||    11
       Regeneration      |     1 |     2 ||     3
       Song of Slaying   |     1 |       ||     1
  Use: Potion            |       |     3 ||     3
 Stab: Sleeping          |     2 |     4 ||     6
  Eat: Chunk             |       |     1 ||     1
Armor: Leather armour    |    29 |     1 ||    30
Dodge: Dodged            |    85 |    20 ||   105
